Map: Ephemeron LE

Players

MaNa

  • Race: Protoss Protoss
  • Spawn Location: 11:00

Zanster - Winner!

  • Race: Zerg Zerg
  • Spawn Location: 5:00

VOD

Have the link to the VOD?

Description

Time

  • Played on: Sept. 6, 2019, 4:06 p.m.
  • Length: 11:13
Show
View Real Time Build Order
Export as new Build Order

MaNa Protoss 

Build Orders: 1 Gate Expand, Oracle Opening, Phoenix Opening, Chargelot Immortal 

Get SALT Encoding   

  12  0:00  Probe  
  13  0:13  Probe  
  13  0:14  Pylon  
  13  0:21  Probe  
  15  0:31  Probe  
  16  0:40  Gateway  
  16  0:43  Probe  
  16  0:49  Assimilator  
  17  0:54  Probe  
  18  1:02  Probe  
  18  1:10  Probe  
  20  1:25  Nexus  
  20  1:36  Cybernetics Core  
  20  1:39  Probe  
  21  1:46  Assimilator  
  21  1:51  Probe  
  22  1:56  Pylon  
  22  2:03  Probe  
  22  2:08  Adept  
  23  2:14  Stargate  
  23  2:15  Probe  
  26  2:27  Warp Gate, Probe  
  27  2:37  Probe  
  27  2:38  Adept  
  27  2:42  Probe  
  31  2:49  Probe  
  32  2:54  Probe  
  32  2:55  Phoenix  
  35  3:01  Probe  
  36  3:06  Probe  
  36  3:12  Oracle  
  37  3:13  Probe  
  37  3:18  Probe  
  39  3:22  Gateway  
  39  3:24  Pylon  
  39  3:26  Probe  
  43  3:30  Probe  
  44  3:34  Assimilator  
  44  3:36  Assimilator  
  44  3:38  Probe  
  44  3:39  Oracle  
  45  3:42  Pylon  
  45  3:44  Probe  
  46  3:50  Probe  
  50  3:57  Probe  
  50  4:02  Probe  
  52  4:03  Robotics Facility  
  52  4:09  Probe  
  51  4:14  Probe  
  52  4:19  Adept  
  52  4:20  Adept  
  52  4:21  Probe  
  57  4:24  Oracle  
  57  4:26  Probe  
  57  4:29  Pylon  
  61  4:33  Probe  
  62  4:38  Pylon  
  62  4:43  Immortal  
  62  4:54  Sentry x2  
  62  4:58  Probe  
  62  4:59  Probe  
  72  5:08  Nexus  
  72  5:09  Pylon  
  72  5:14  Immortal  
  72  5:19  Adept x2  
  77  5:35  Gateway, Probe  
  77  5:36  Gateway  
  77  5:42  Gateway x2  
  77  5:46  Sentry  
  77  5:48  Pylon x2  
  78  5:54  Pylon, Nexus  
  72  5:59  Sentry  
  68  6:07  Immortal  
  68  6:08  Probe  
  71  6:13  Forge  
  71  6:14  Zealot  
  73  6:20  Shield Battery  
  73  6:22  Sentry  
  73  6:24  Probe x2  
  73  6:25  Robotics Facility  
  75  6:31  Sentry x2, Protoss Ground Weapons Level 1  
  81  6:37  Probe x2  
  81  6:39  Zealot  
  83  6:40  Zealot x2  
  89  6:48  Immortal  
  89  6:53  Probe  
  94  7:08  Probe x3  
  96  7:12  Zealot  
  96  7:13  Zealot  
  96  7:15  Immortal  
  105  7:20  Probe x3  
  105  7:22  Pylon  
  108  7:30  Zealot x3  
  108  7:33  Twilight Council  
  112  7:37  Zealot  
  112  7:42  Zealot x2  
  114  7:49  Charge  
  111  7:52  Sentry x2  
  111  7:53  Sentry  
  111  7:58  Immortal  
  111  8:01  Stalker  
  111  8:02  Sentry  
  111  8:03  Sentry  
  117  8:07  Shield Battery  
  117  8:14  Templar Archives  
  117  8:15  Shield Battery  
  117  8:17  Zealot  
  119  8:21  Shield Battery  
  119  8:26  Probe x2  
  121  8:28  Probe, Assimilator x2  
  121  8:32  Pylon  
  122  8:34  Pylon  
  122  8:36  Pylon  
  122  8:38  Psionic Storm, Probe x2  
  122  8:40  Probe  
  125  8:44  Observer  
  122  8:50  Immortal, Probe  
  127  9:00  High Templar  
  129  9:04  Photon Cannon  
  129  9:06  Shield Battery  
  129  9:09  High Templar  
  131  9:12  Photon Cannon  
  131  9:13  Shield Battery  
  131  9:18  Zealot x3, High Templar  
  131  9:20  Warp Prism  
  141  9:29  Photon Cannon  
  141  9:30  Immortal  
  145  9:41  Pylon  
  145  9:45  Pylon  
  145  9:46  High Templar x2  
  145  9:49  Pylon  
  145  9:50  Archon  
  149  10:04  Immortal  
  153  10:08  Zealot x3, High Templar  
  153  10:09  Immortal  
  116  10:25  Zealot x2  
  112  10:32  Zealot x3  
  80  10:52  Zealot x6  
Show
View Real Time Build Order
Export as new Build Order

Zanster Zerg - Winner!

Build Orders: Hatch First 

Get SALT Encoding   

  12  0:00  Drone  
  13  0:12  Overlord  
  13  0:17  Drone  
  14  0:31  Drone x2  
  16  0:41  Drone  
  17  0:49  Drone  
  18  0:56  Hatchery  
  17  0:59  Drone  
  17  1:02  Extractor  
  17  1:15  Spawning Pool  
  17  1:17  Drone  
  17  1:20  Drone  
  18  1:28  Drone  
  19  1:46  Hatchery  
  18  1:50  Drone  
  18  1:53  Drone  
  20  2:07  Queen  
  22  2:10  Drone  
  22  2:12  Metabolic Boost  
  23  2:18  Zergling x2  
  24  2:23  Overlord  
  24  2:27  Drone  
  24  2:28  Zergling x2  
  26  2:35  Zergling x2  
  26  2:36  Zergling x2  
  28  2:42  Queen  
  30  2:48  Queen  
  32  2:52  Drone  
  32  2:54  Drone  
  32  2:57  Drone  
  35  2:59  Drone  
  36  3:12  Drone  
  36  3:13  Drone x4  
  36  3:17  Overlord  
  36  3:19  Drone  
  41  3:23  Drone  
  41  3:24  Spore Crawler  
  41  3:28  Spore Crawler  
  41  3:33  Overlord  
  40  3:34  Drone  
  40  3:36  Drone  
  40  3:37  Drone  
  40  3:40  Drone  
  44  3:41  Drone  
  44  3:43  Drone  
  44  3:48  Overlord  
  46  3:53  Evolution Chamber  
  45  3:58  Drone x5  
  45  4:02  Drone  
  50  4:04  Overlord  
  50  4:09  Drone x3  
  53  4:13  Drone x2  
  53  4:17  Drone  
  53  4:18  Drone  
  53  4:20  Zerg Melee Weapons Level 1  
  53  4:22  Drone  
  53  4:23  Drone  
  58  4:24  Drone  
  58  4:28  Zergling x2  
  58  4:29  Zergling x6  
  62  4:32  Overlord  
  62  4:38  Zergling x4  
  62  4:43  Overlord  
  62  4:44  Spore Crawler  
  62  4:45  Zergling x4  
  61  4:53  Zergling x10  
  61  4:55  Lair  
  61  4:56  Zergling x8  
  61  4:57  Zergling x2  
  61  4:59  Zergling x2  
  72  5:05  Zergling x4  
  74  5:07  Overlord  
  74  5:08  Zergling x2  
  74  5:21  Extractor  
  74  5:22  Extractor  
  74  5:23  Extractor  
  74  5:24  Drone x6  
  74  5:25  Drone  
  74  5:26  Drone x4  
  74  5:27  Drone  
  80  5:29  Drone  
  80  5:30  Drone  
  80  5:34  Overlord  
  79  5:39  Drone  
  79  5:40  Drone  
  81  5:49  Extractor, Hatchery  
  79  5:50  Overlord  
  79  5:51  Drone  
  74  6:01  Zergling x2  
  74  6:02  Zergling x8  
  73  6:13  Zergling x16  
  73  6:15  Hydralisk Den  
  73  6:17  Zerg Melee Weapons Level 2  
  79  6:24  Zergling x12  
  85  6:30  Overlord  
  85  6:38  Overlord  
  85  6:47  Hydralisk x8  
  85  6:50  Hydralisk x4  
  109  6:57  Hydralisk  
  109  6:58  Hydralisk  
  109  7:00  Hydralisk  
  115  7:03  Overlord  
  115  7:08  Muscular Augments, Hydralisk  
  117  7:21  Zergling x22  
  117  7:22  Zergling x2  
  127  7:36  Zergling x12  
  129  7:43  Overlord  
  127  7:50  Baneling Nest  
  117  7:51  Hydralisk  
  117  7:52  Zergling x20  
  117  7:55  Zergling x4  
  117  7:58  Hydralisk  
  115  7:59  Zergling x2  
  114  8:07  Hydralisk  
  114  8:08  Zergling x4  
  118  8:15  Zergling x2  
  118  8:17  Zergling x4  
  118  8:19  Grooved Spines  
  121  8:26  Overlord  
  121  8:27  Hydralisk x3  
  121  8:28  Hydralisk  
  121  8:31  Hydralisk x4  
  137  8:34  Centrifical Hooks  
  137  8:39  Hydralisk x2  
  140  8:49  Zergling x16  
  148  9:01  Baneling x4  
  148  9:02  Baneling x5  
  148  9:03  Baneling x2  
  148  9:04  Baneling x5  
  148  9:05  Zergling x2  
  148  9:06  Zergling x4  
  148  9:08  Overlord  
  151  9:12  Overlord  
  151  9:13  Baneling  
  151  9:14  Baneling x3  
  151  9:24  Zergling x2  
  151  9:26  Overlord  
  151  9:31  Zergling x26  
  158  9:35  Baneling x3  
  158  9:37  Baneling x6  
  165  9:44  Zergling x10  
  170  9:50  Baneling x6  
  166  10:00  Baneling x4  
  166  10:04  Zergling x18  
  175  10:07  Overlord  
  130  10:23  Zergling x18  
  122  10:29  Zergling x2, Hydralisk  
  122  10:30  Zergling x10  
  122  10:33  Zergling x2  
  120  10:37  Zergling x2  
  120  10:40  Hydralisk  
  120  10:41  Zergling x4  
  114  10:50  Zergling x2  
Tags
 
Add a new tag
Caveats
  • Supply blocks, unpowered buildings, or Contaminate may cause inaccurate times.
  • Supply counts are checked every 10 seconds.